[Event "Titled Tuesday Blitz August 16 Late 2022"]
[White "Abdrlauf, Elham"]
[Black "Vagman, Roy"]
[WhiteFideId "1533533"]
[BlackFideId "2828995"]
[WhiteElo "2430"]
[BlackElo "1956"]
[Result "1-0"]
[Round "01"]
[TimeControl "180+1"]
[Date "2022.08.16"]
[WhiteClock "0:01:37"]
[BlackClock "0:00:17"]

1. e4 c5 2. Nf3 d6 3. d4 cxd4 4. Nxd4 Nf6 5. Nc3 g6 6. f3 Bg7 7. Be3 O-O 8. Qd2 Nc6 9. O-O-O Nxd4 10. Bxd4 Be6 11. h4 h5 12. g4 hxg4 13. h5 Nxh5 14. Bxg7 Kxg7 15. Rxh5 Rh8 16. Rxh8 Qxh8 17. fxg4 Bxg4 18. Be2 Be6 19. Nd5 Qh4 20. Bf3 Rc8 21. Rh1 Bh3 22. Bg2 Qh6 23. Qxh6+ Kxh6 24. Bxh3 Rc5 25. Nxe7 Re5 26. Nd5 Rxe4 27. Bg2+ Rh4 28. Rxh4+ Kg5 29. Rh3 f5 30. Rg3+ Kh4 31. Rxg6 b5 32. Bf3 b4 33. Ne3 b3 34. Nxf5+ Kh3 35. Rh6# 1-0


[Site "https://www.chess.com"]

[Event "Titled Tuesday Blitz August 16 Late 2022"]
[White "Abdyzhapar, Asylbek"]
[Black "Bochnicka, Vladimir"]
[WhiteFideId "13800337"]
[BlackFideId "14943450"]
[WhiteElo "2285"]
[BlackElo "2343"]
[Result "1-0"]
[Round "01"]
[TimeControl "180+1"]
[Date "2022.08.18"]
[WhiteClock "0:00:00"]
[BlackClock "0:00:00"]

1. c4 c5 2. g3 Nc6 3. Bg2 g6 4. Nc3 Bg7 5. Nf3 d6 6. O-O e5 7. d3 Nge7 8. a3 O-O 9. Ne1 Be6 10. Nc2 d5 11. cxd5 Nxd5 12. Ne3 Nxc3 13. bxc3 e4 14. Bxe4 Bxc3 15. Rb1 Rb8 16. Bb2 Bxb2 17. Rxb2 Qf6 18. Bxc6 Qxb2 19. Bg2 Qxa3 20. Qc2 b5 21. Rb1 b4 22. Bd5 Bxd5 23. Nxd5 b3 24. Qc3 Rfe8 25. Nf6+ Kf8 26. Nxh7+ Kg8 27. Nf6+ Kf8 28. Nxe8 Rxe8 29. Rxb3 Qa2 30. Qh8+ Ke7 31. Rb7+ Kd8 32. Qf6+ Kc8 33. Qc6+ 1-0


[Site "https://www.chess.com"]

[Event "Titled Tuesday Blitz August 16 Late 2022"]
[White "Adury, Anant"]
[Black "Gascon Del Nogal, Jose Rafael"]
[WhiteFideId "30964687"]
[BlackFideId "3902463"]
[WhiteElo "2028"]
[BlackElo "2473"]
[Result "1-0"]
[Round "01"]
[TimeControl "180+1"]
[Date "2022.08.18"]
[WhiteClock "0:00:00"]
[BlackClock "0:00:00"]

1. d4 Nf6 2. c4 g6 3. Nc3 Bg7 4. e4 d6 5. Be2 O-O 6. Nf3 e5 7. dxe5 dxe5 8. Qxd8 Rxd8 9. Bg5 c6 10. Nxe5 Re8 11. f4 h6 12. Bxf6 Bxf6 13. O-O-O Bxe5 14. fxe5 Be6 15. h3 Nd7 16. Bg4 Nxe5 17. Bxe6 Rxe6 18. b3 b6 19. Rd2 Kf8 20. Rhd1 Ke7 21. Ne2 Rf6 22. Nd4 Rf4 23. Nf3 Rxe4 24. Nxe5 Rxe5 25. Rd7+ Kf8 26. Rc7 Rae8 27. Rxa7 Re2 28. Rd2 Re1+ 29. Rd1 R8e2 30. Ra6 Rxd1+ 31. Kxd1 Rxg2 32. a4 h5 33. Rxb6 h4 34. Rxc6 g5 35. a5 g4 36. hxg4 h3 37. a6 Kg7 38. Rc5 Ra2 39. Rh5 h2 40. Kc1 Rxa6 41. Rxh2 Ra1+ 42. Kb2 Rg1 43. Rh4 Kg6 44. b4 Kg5 45. Rh7 f6 46. Rg7+ Kf4 47. b5 Rg3 48. b6 1-0


[Site "https://www.chess.com"]

[Event "Titled Tuesday Blitz August 16 Late 2022"]
[White "Al-Tarboush, Ward"]
[Black "Kobo, Ori"]
[WhiteFideId "7601450"]
[BlackFideId "2812320"]
[WhiteElo "2234"]
[BlackElo "2420"]
[Result "0-1"]
[Round "01"]
[TimeControl "180+1"]
[Date "2022.08.16"]
[WhiteClock "0:00:01"]
[BlackClock "0:00:13"]

1. e4 g6 2. d4 Bg7 3. Be3 d5 4. e5 c5 5. c3 Nc6 6. Nf3 Bg4 7. Be2 Nh6 8. O-O Nf5 9. Nbd2 Nxe3 10. fxe3 Bh6 11. Kf2 O-O 12. h3 Bd7 13. Qb3 e6 14. Rae1 f6 15. exf6 Qxf6 16. Bb5 Qh4+ 17. Kg1 Qg3 18. Rf2 Rf7 19. Nf1 Qd6 20. e4 cxd4 21. exd5 exd5 22. cxd4 Raf8 23. Qc3 Bf4 24. Rfe2 Bf5 25. Bd3 Bd7 26. Ne5 Nxe5 27. dxe5 Qb6+ 28. Kh1 Be6 29. Nd2 d4 30. Qc2 Bg3 31. Nc4 Qc5 32. Rg1 Rf1 33. b3 b5 0-1


[Site "https://www.chess.com"]

[Event "Titled Tuesday Blitz August 16 Late 2022"]
[White "Altman, Joshua"]
[Black "Vasquez Schroeder, Rodrigo"]
[WhiteFideId "426210"]
[BlackFideId "3400042"]
[WhiteElo "1945"]
[BlackElo "2567"]
[Result "0-1"]
[Round "01"]
[TimeControl "180+1"]
[Date "2022.08.16"]
[WhiteClock "0:00:04"]
[BlackClock "0:00:17"]

1. d4 Nf6 2. c4 e6 3. Nf3 c5 4. d5 d6 5. Nc3 exd5 6. cxd5 g6 7. Bf4 Bg7 8. h3 O-O 9. e3 Na6 10. Bc4 Nc7 11. a4 Re8 12. Nd2 b6 13. Bb3 Ba6 14. Bc4 Bb7 15. Qf3 a6 16. O-O Rb8 17. e4 Ba8 18. Rfe1 b5 19. axb5 axb5 20. Bf1 b4 21. Ne2 Nh5 22. Nc4 Nxf4 23. Qxf4 Nb5 24. Ra6 Bb7 25. Rb6 Ba8 26. Rxb5 Rxb5 27. Nxd6 Rb7 28. Nxb7 Bxb7 29. b3 f5 30. Ng3 Be5 31. Qc1 Bc3 32. Re2 fxe4 33. Nxe4 Bd4 34. Qe1 Rf8 35. Qd2 Qxd5 36. Qh6 Bg7 37. Qh4 Qd4 38. Re3 h6 39. Bc4+ Kh8 40. Qe7 Ba8 41. Nd6 Qf4 42. Nf7+ Kh7 43. Rg3 Qf6 44. Qxf6 Bxf6 45. Nd6 Bd4 46. Ne4 Bxe4 0-1


[Site "https://www.chess.com"]

[Event "Titled Tuesday Blitz August 16 Late 2022"]
[White "Amburgy, Ryan"]
[Black "Gheorghiu, Calin"]
[WhiteFideId "30924820"]
[BlackFideId "1200305"]
[WhiteElo "2066"]
[BlackElo "2168"]
[Result "0-1"]
[Round "01"]
[TimeControl "180+1"]
[Date "2022.08.18"]
[WhiteClock "0:00:00"]
[BlackClock "0:00:00"]

1. d4 Nf6 2. Nc3 d5 3. Bf4 a6 4. e3 e6 5. g4 h6 6. Bd3 c5 7. dxc5 Bxc5 8. Nf3 Nc6 9. a3 Bd6 10. Bxd6 Qxd6 11. e4 d4 12. Ne2 e5 13. h3 Be6 14. Ng3 g6 15. Qd2 Nd7 16. Nf5 gxf5 17. gxf5 Nc5 18. fxe6 Nxe6 19. O-O-O O-O-O 20. Nh4 Ne7 21. Kb1 Nf4 22. Rdg1 Rhg8 23. Rg3 Qf6 24. Rhg1 Qxh4 25. Qa5 Qf6 26. Qc5+ Kb8 27. Rxg8 Nxg8 28. Bc4 Ne7 29. Rg3 Qd6 30. Qa5 Nc6 31. Qd2 f6 32. h4 Qc5 33. Bb3 d3 34. cxd3 Nd4 35. Bc4 b5 36. Bf7 Rd7 37. Ba2 Kb7 38. Rg8 Rc7 39. Rd8 Nde2 40. Bd5+ Nxd5 41. Rxd5 Qc1+ 42. Qxc1 Rxc1+ 43. Ka2 Nf4 44. Rd6 Rc6 45. Rd7+ Kb6 46. Rh7 h5 47. Rh6 Rd6 48. Kb1 Nxd3 49. f3 Nf4 50. Kc2 Kc5 51. Kc3 Ne2+ 52. Kc2 Nf4 53. Kc3 Rc6 54. b4+ Kd6+ 55. Kb3 Ke6 56. Rh8 Ne2 57. Rxh5 Nd4+ 58. Kb2 Rc2+ 59. Kb1 Rf2 60. Rh7 Rxf3 61. Kb2 Rb3+ 62. Ka2 Re3 63. h5 Rxe4 64. h6 Rh4 65. Rh8 Kf7 66. Ra8 Rxh6 67. Rxa6 Rh2+ 68. Kb1 f5 69. Rd6 f4 70. Rd7+ Ke6 71. Rd8 f3 72. Rf8 Kd5 73. Kc1 Ke4 74. Kd1 Ra2 75. Ra8 f2 76. Rf8 Nf3 77. a4 f1=Q# 0-1


[Site "https://www.chess.com"]

[Event "Titled Tuesday Blitz August 16 Late 2022"]
[White "Ardila, Oscar Humberto"]
[Black "Wu, Rochelle"]
[WhiteFideId "4404742"]
[BlackFideId "30908132"]
[WhiteElo "1939"]
[BlackElo "2168"]
[Result "1-0"]
[Round "01"]
[TimeControl "180+1"]
[Date "2022.08.18"]
[WhiteClock "0:00:00"]
[BlackClock "0:00:00"]

1. d4 d5 2. c4 c6 3. e3 Nf6 4. Nc3 Bf5 5. Nf3 dxc4 6. Bxc4 e6 7. O-O Nbd7 8. Qb3 Qb6 9. Ne5 Nxe5 10. dxe5 Nd7 11. Qxb6 axb6 12. f4 b5 13. Bb3 Nc5 14. Bd1 Be7 15. Be2 O-O 16. Bd2 Rfd8 17. Be1 b4 18. Nd1 Nd3 19. h3 Bc5 20. g4 Be4 21. Kh2 Nxe1 22. Rxe1 Rd2 23. Kg3 Rad8 24. Bf3 Bxf3 25. Kxf3 Rh2 26. Nf2 Rd2 27. Re2 Rxe2 28. Kxe2 Be7 29. Rh1 Rxh1 30. Nxh1 Kf8 31. Nf2 Ke8 32. Kd3 Kd7 33. Ne4 Kc7 34. Kc4 b5+ 35. Kd3 c5 36. Nd2 Kc6 37. Ke4 c4 38. Nf3 c3 39. bxc3 bxc3 40. Kd3 b4 41. Kc4 Bc5 42. Kd3 Kb5 43. Ne1 Ka4 44. Nc2 Bb6 45. e4 b3 46. axb3+ Kxb3 47. f5 Bc7 48. fxe6 fxe6 49. Nd4+ Kb2 50. Nc2 Bxe5 51. Ne3 Bf4 52. Nd1+ Kc1 53. Nxc3 Be5 54. Ne2+ Kd1 55. Ke3 Ke1 56. Kf3 Kd2 57. h4 g6 58. g5 Kd3 59. Ng1 Kd2 60. Ne2 Kc2 61. Nf4 Bxf4 62. Kxf4 Kd3 63. Ke5 Ke3 64. Kxe6 Kxe4 65. Kf6 Kf4 66. Kg7 Kg4 67. Kxh7 Kxh4 68. Kxg6 1-0


[Site "https://www.chess.com"]

[Event "Titled Tuesday Blitz August 16 Late 2022"]
[White "Arnold, Ken"]
[Black "Senthil Maran K"]
[WhiteFideId "2056836"]
[BlackFideId "25035681"]
[WhiteElo "2391"]
[BlackElo "2124"]
[Result "0-1"]
[Round "01"]
[TimeControl "180+1"]
[Date "2022.08.18"]
[WhiteClock "0:00:00"]
[BlackClock "0:00:00"]

1. d4 Nf6 2. c4 e6 3. Nf3 d5 4. e3 c6 5. Be2 Nbd7 6. cxd5 exd5 7. O-O Bd6 8. Nc3 O-O 9. h3 Re8 10. b3 Nf8 11. Bb2 Ng6 12. Bd3 Be6 13. Ne2 Qd7 14. Ne5 Qc7 15. f4 Bd7 16. Qc2 Rad8 17. Rae1 Nf8 18. Ng3 Bc8 19. Nf5 Bxf5 20. Bxf5 g6 21. Bd3 Ne4 22. Bxe4 dxe4 23. f5 Bxe5 24. dxe5 Rd3 25. e6 fxe6 26. f6 Kf7 27. Qc4 Qg3 28. Qxe4 Red8 29. Bd4 Rd2 30. a4 Rd5 31. Rd1 Rxd1 32. Rxd1 c5 33. Rf1 cxd4 34. Rf3 Qe1+ 35. Kh2 d3 36. Qh4 Qxh4 0-1


[Site "https://www.chess.com"]

[Event "Titled Tuesday Blitz August 16 Late 2022"]
[White "Atanasov, Anthony"]
[Black "Sailer, Mike"]
[WhiteFideId "2623897"]
[BlackFideId "2012901"]
[WhiteElo "1928"]
[BlackElo "2109"]
[Result "1-0"]
[Round "01"]
[TimeControl "180+1"]
[Date "2022.08.18"]
[WhiteClock "0:00:00"]
[BlackClock "0:00:00"]

1. d4 d5 2. Bf4 Nf6 3. e3 c6 4. Nf3 Bf5 5. Bd3 Bxd3 6. cxd3 e6 7. Nc3 Be7 8. O-O O-O 9. e4 c5 10. dxc5 Bxc5 11. Qb3 dxe4 12. Qxb7 exf3 13. Qxa8 fxg2 14. Qxg2 Qxd3 15. Bh6 Nh5 16. Ne4 Be7 17. Rac1 Kh8 18. Rfd1 Qb5 19. Rc7 gxh6 20. Rxe7 Rg8 21. Qxg8+ Kxg8 22. Rd8+ Kg7 23. Ree8 Nf6 24. Rxb8 Qe2 25. Nxf6 Kxf6 26. Rg8 Qe1+ 27. Kg2 Qe4+ 28. Kf1 Qd3+ 29. Ke1 Qb1+ 30. Kd2 Qxa2 31. Rb4 Qd5+ 32. Kc3 Qc5+ 33. Rc4 Qxf2 34. h4 Qe1+ 35. Kb3 Qd1+ 36. Ka2 Qd5 37. Rg4 h5 38. Rf4+ Ke7 39. Rd4 Qe5 40. Re4 Qd5 41. Rd4 Qe5 42. Ra4 f5 43. Rxa7+ Kf6 44. Raa4 Qg3 45. Rac4 h6 46. b3 Qf2+ 47. Ka3 Qe1 48. Ka4 Qa1+ 49. Kb5 Qa7 50. b4 Qb7+ 51. Ka4 Qa8+ 52. Kb3 Qf3+ 53. Rc3 Qe2 54. Rcd3 Qe1 55. b5 Qb1+ 56. Kc4 Qc2+ 57. Kb4 Qb2+ 58. Kc5 Qc2+ 59. Kb6 Ke5 60. Rd6 f4 61. Rc6 Kf5 62. Rxc2 1-0


[Site "https://www.chess.com"]

[Event "Titled Tuesday Blitz August 16 Late 2022"]
[White "Babazada, Khazar"]
[Black "Ozates, Tuna"]
[WhiteFideId "13413554"]
[BlackFideId "6354521"]
[WhiteElo "2409"]
[BlackElo "1887"]
[Result "1-0"]
[Round "01"]
[TimeControl "180+1"]
[Date "2022.08.16"]
[WhiteClock "0:00:37"]
[BlackClock "0:00:05"]

1. e4 c5 2. Nf3 Nc6 3. g3 g6 4. Bg2 Bg7 5. O-O d6 6. d3 e5 7. Nc3 Nge7 8. Nd2 O-O 9. Nc4 f5 10. exf5 Bxf5 11. f4 exf4 12. Bxf4 d5 13. Nd6 d4 14. Nxf5 Nxf5 15. Ne4 Qb6 16. Rb1 Rae8 17. Nd6 Nxd6 18. Bxd6 Rxf1+ 19. Qxf1 Nb4 20. Qf4 g5 21. Qf5 Qxd6 22. Be4 Rxe4 23. Qxe4 Nd5 24. Qe8+ Bf8 25. Rf1 Nf6 26. Qc8 Qe7 27. Qf5 Bg7 28. Qxg5 Qe3+ 29. Qxe3 dxe3 30. c3 Ng4 31. Kg2 Bh6 32. h3 Ne5 33. Rd1 Kf7 34. b3 Ke6 35. d4 cxd4 36. cxd4 Nf7 37. Kf3 Kd5 38. h4 Nd6 39. g4 Bg7 40. Kxe3 Nb5 41. g5 Bxd4+ 42. Kf4 Nc3 43. Rxd4+ Kxd4 44. h5 Kd5 45. g6 hxg6 46. h6 g5+ 47. Kxg5 Ne4+ 48. Kg6 1-0


[Site "https://www.chess.com"]

[Event "Titled Tuesday Blitz August 16 Late 2022"]
[White "Baches Garcia, Guillermo"]
[Black "Grischuk, Alexander"]
[WhiteFideId "2209764"]
[BlackFideId "4126025"]
[WhiteElo "2546"]
[BlackElo "2762"]
[Result "0-1"]
[Round "01"]
[TimeControl "180+1"]
[Date "2022.08.16"]
[WhiteClock "0:00:01"]
[BlackClock "0:00:08"]

1. e4 e6 2. d4 d5 3. exd5 exd5 4. Nf3 Nc6 5. Bb5 Bd6 6. c4 dxc4 7. d5 a6 8. Ba4 b5 9. dxc6 bxa4 10. Qxa4 Ne7 11. O-O O-O 12. Nbd2 c3 13. bxc3 Be6 14. Nc4 Bd5 15. Nxd6 cxd6 16. Nd4 Qc7 17. Bf4 Bxc6 18. Nxc6 Nxc6 19. Rfd1 Rfd8 20. c4 Ne7 21. Rac1 Qc5 22. Be3 Qc7 23. Bf4 Qc5 24. Be3 Qe5 25. Bb6 Rdc8 26. Qd7 Nf5 27. Re1 Qf6 28. c5 dxc5 29. Rxc5 Rf8 30. Rxf5 Qxb6 31. g3 Rad8 32. Qe7 g6 33. Rf6 Qa5 34. a3 Rd7 35. Qxd7 Qxe1+ 36. Kg2 Qe4+ 37. Kg1 a5 38. Qc6 Qe5 39. Kg2 Rd8 40. Rf3 Kg7 41. Qc4 Qd5 42. Qf4 Rd6 0-1


[Site "https://www.chess.com"]

[Event "Titled Tuesday Blitz August 16 Late 2022"]
[White "Barash, Anton"]
[Black "Al Hosani, Omran"]
[WhiteFideId "30935229"]
[BlackFideId "9308733"]
[WhiteElo "2088"]
[BlackElo "2236"]
[Result "0-1"]
[Round "01"]
[TimeControl "180+1"]
[Date "2022.08.18"]
[WhiteClock "0:00:00"]
[BlackClock "0:00:00"]

1. e4 c5 2. Nf3 Nc6 3. d4 cxd4 4. Nxd4 Nf6 5. Nc3 e6 6. Ndb5 d6 7. Bf4 e5 8. Bg5 a6 9. Na3 Be7 10. Nc4 b5 11. Ne3 O-O 12. Bxf6 Bxf6 13. Ncd5 Bg5 14. h4 Bxe3 15. Nxe3 Bb7 16. a4 Nd4 17. c3 Ne6 18. Nd5 Nc5 19. axb5 axb5 20. f3 Bxd5 21. exd5 Rxa1 22. Qxa1 Qa8 23. Qb1 Qxd5 24. Be2 Nb3 25. Kf2 Qc5+ 26. Kg3 f5 27. Rd1 Rf6 28. Qa2 Rg6+ 29. Kh2 Qf2 30. Qxb3+ Kf8 31. Rg1 Qxh4# 0-1


[Site "https://www.chess.com"]

[Event "Titled Tuesday Blitz August 16 Late 2022"]
[White "Barria Zuniga, Daniel"]
[Black "Diem, Thomas"]
[WhiteFideId "3400816"]
[BlackFideId "30937841"]
[WhiteElo "2414"]
[BlackElo "1998"]
[Result "1-0"]
[Round "01"]
[TimeControl "180+1"]
[Date "2022.08.18"]
[WhiteClock "0:00:00"]
[BlackClock "0:00:00"]

1. d4 d5 2. c4 c6 3. Nf3 Nf6 4. Nc3 e6 5. Bg5 Nbd7 6. e3 Qa5 7. Nd2 Bb4 8. Qc2 Ne4 9. Ndxe4 dxe4 10. Bh4 Bxc3+ 11. Qxc3 Qxc3+ 12. bxc3 f5 13. a4 Kf7 14. f3 exf3 15. gxf3 Nf6 16. a5 a6 17. Kd2 c5 18. Bd3 Bd7 19. Rhb1 Bc6 20. Bxf6 Kxf6 21. e4 Rab8 22. Rb6 fxe4 23. fxe4 Ke7 24. Rab1 Rhf8 25. d5 Bd7 26. Rxb7 Rxb7 27. Rxb7 Rf2+ 28. Ke3 Ra2 29. e5 Rxa5 30. d6+ Kd8 31. Rb8+ Bc8 32. Bxh7 Ra2 33. Be4 Kd7 34. Ra8 a5 35. Ra7+ Kd8 36. Rxg7 Rxh2 37. Bc6 Rh8 38. Kd2 Rh2+ 39. Kc1 Rh8 40. Kb2 a4 41. Ka3 Bd7 42. Rxd7+ Kc8 43. Ra7 1-0


[Site "https://www.chess.com"]

[Event "Titled Tuesday Blitz August 16 Late 2022"]
[White "Bartholomew, John"]
[Black "Oro, Luis"]
[WhiteFideId "2019353"]
[BlackFideId "104094"]
[WhiteElo "2446"]
[BlackElo "2255"]
[Result "1-0"]
[Round "01"]
[TimeControl "180+1"]
[Date "2022.08.18"]
[WhiteClock "0:00:00"]
[BlackClock "0:00:00"]

1. d4 Nf6 2. c4 e6 3. Nf3 b6 4. g3 Bb7 5. Bg2 Be7 6. O-O O-O 7. Nc3 Ne4 8. Bd2 c5 9. d5 Nxc3 10. Bxc3 exd5 11. Nd2 Bf6 12. cxd5 d6 13. Ne4 Bxc3 14. bxc3 Qe7 15. c4 Nd7 16. a4 Ba6 17. Rc1 Ne5 18. Qb3 Rab8 19. Nd2 f5 20. f4 Ng4 21. e4 Qf6 22. Qc3 Rbe8 23. Rfe1 fxe4 24. Nxe4 Qxc3 25. Rxc3 Re7 26. Nf6+ Nxf6 27. Rxe7 Rf7 28. Re6 Rd7 29. Bh3 Rd8 30. Re7 h6 31. Rxa7 Bc8 32. Ra8 1-0


[Site "https://www.chess.com"]

[Event "Titled Tuesday Blitz August 16 Late 2022"]
[White "Batsiashvili, Nino"]
[Black "Pap, Gyula"]
[WhiteFideId "13602993"]
[BlackFideId "725323"]
[WhiteElo "2149"]
[BlackElo "2553"]
[Result "1-0"]
[Round "01"]
[TimeControl "180+1"]
[Date "2022.08.16"]
[WhiteClock "0:01:13"]
[BlackClock "0:00:32"]

1. d4 e6 2. Nf3 Nf6 3. c4 a6 4. Nc3 d5 5. Bg5 dxc4 6. e4 b5 7. e5 h6 8. Bh4 g5 9. Nxg5 hxg5 10. Bxg5 Nbd7 11. a4 Bb7 12. axb5 axb5 13. exf6 b4 14. Rxa8 Qxa8 15. Nb5 Qa5 16. Bxc4 Bxg2 17. Rg1 Bc6 18. d5 Bxb5 19. dxe6 fxe6 20. Bxe6 b3+ 21. Bd2 Bb4 22. Rg8+ Nf8 23. Rxh8 1-0


[Site "https://www.chess.com"]

[Event "Titled Tuesday Blitz August 16 Late 2022"]
[White "Bayo Milagro, Alvaro"]
[Black "Harshal, Shahi"]
[WhiteFideId "22275240"]
[BlackFideId "5048257"]
[WhiteElo "2270"]
[BlackElo "2054"]
[Result "1-0"]
[Round "01"]
[TimeControl "180+1"]
[Date "2022.08.18"]
[WhiteClock "0:00:00"]
[BlackClock "0:00:00"]

1. c4 e6 2. Nf3 d5 3. g3 Nf6 4. Bg2 c6 5. O-O Be7 6. d4 O-O 7. Qc2 Nbd7 8. Rd1 Nb6 9. b3 a5 10. c5 Nbd7 11. Nc3 Re8 12. e4 dxe4 13. Nxe4 Nxe4 14. Qxe4 Bf6 15. Bb2 Qc7 16. Qc2 e5 17. dxe5 Nxe5 18. Nxe5 Bxe5 19. Re1 Bf5 20. Qxf5 Bxb2 21. Rad1 g6 22. Rxe8+ Rxe8 23. Rd7 gxf5 24. Rxc7 Re2 25. Bf3 Rc2 26. Rxb7 Bd4 27. Bxc6 Rxf2 28. Kh1 Bxc5 29. Bd5 Rf1+ 30. Kg2 Rf2+ 31. Kh3 Rxa2 32. Rxf7 Kh8 33. Rxf5 Rb2 34. Bg2 Bb4 35. Rf3 Kg7 36. Bf1 Kg6 37. Bd3+ Kg7 38. Bc4 Bc5 39. Rf7+ Kg6 40. Rb7 Bg1 41. Bd3+ Kg5 42. Rb5+ Kf6 43. Kg4 Bxh2 44. Bxh7 Rg2 45. Rf5+ Ke6 46. Rf3 Bg1 47. Bd3 Ke5 48. Bc4 Kd4 49. Kh3 a4 50. Kxg2 a3 51. Kxg1 a2 52. Rf1 1-0


[Site "https://www.chess.com"]

[Event "Titled Tuesday Blitz August 16 Late 2022"]
[White "Begmuratov, Khumoyun"]
[Black "Hoffmann, Asa"]
[WhiteFideId "14210207"]
[BlackFideId "2001470"]
[WhiteElo "1978"]
[BlackElo "2117"]
[Result "1-0"]
[Round "01"]
[TimeControl "180+1"]
[Date "2022.08.18"]
[WhiteClock "0:00:00"]
[BlackClock "0:00:00"]

1. e4 d6 2. d4 Nf6 3. Nc3 c6 4. f4 Qa5 5. Bd2 e5 6. fxe5 dxe5 7. dxe5 Qxe5 8. Nf3 Qh5 9. Bc4 Bc5 10. Qe2 Bg4 11. O-O-O Nbd7 12. e5 Bxf3 13. gxf3 Nxe5 14. Rhe1 Nd7 15. f4 Qxe2 16. Rxe2 f6 17. fxe5 Nxe5 18. Bf4 b5 19. Bxe5 fxe5 20. Rxe5+ Be7 21. Bb3 Kf8 22. Rf1+ Bf6 23. Ne4 1-0


[Site "https://www.chess.com"]

[Event "Titled Tuesday Blitz August 16 Late 2022"]
[White "Bellissimo, Joseph F."]
[Black "Bilych, Olexiy"]
[WhiteFideId "2609843"]
[BlackFideId "14156504"]
[WhiteElo "2061"]
[BlackElo "2157"]
[Result "0-1"]
[Round "01"]
[TimeControl "180+1"]
[Date "2022.08.18"]
[WhiteClock "0:00:00"]
[BlackClock "0:00:00"]

1. e4 e5 2. Nf3 Nc6 3. Bc4 Bc5 4. c3 Nf6 5. d3 d6 6. Bb3 a5 7. Nbd2 O-O 8. h3 Be6 9. Bc2 d5 10. O-O dxe4 11. dxe4 Qe7 12. Qe2 Nd7 13. Re1 Nb6 14. b3 Rfd8 15. Nf1 a4 16. Be3 h6 17. Ng3 Qf8 18. Nh4 g6 19. Nh5 gxh5 20. Qxh5 Bxe3 21. Rxe3 axb3 22. Rg3+ Kh7 23. Ng6 fxg6 24. Qxg6+ Kh8 25. Qxe6 bxc2 26. Kh2 Rd6 27. Qb3 Qxf2 28. Rc1 Qf4 29. Rxc2 Rg6 30. c4 Qxg3+ 31. Qxg3 Rxg3 32. Kxg3 Nd4 33. Rf2 Kg7 34. Kh4 Rf8 35. Rb2 Rf4+ 36. g4 Rxe4 37. c5 Nd7 38. Rxb7 Ne6 39. c6 Nf6 40. a4 h5 41. a5 hxg4 42. hxg4 Rxg4+ 43. Kh3 Nf4+ 44. Kh2 Rg2+ 45. Kh1 Ra2 46. Rxc7+ Kg6 47. Ra7 N6d5 48. c7 Nxc7 49. Rxc7 Rxa5 50. Rc6+ Kf5 51. Rc2 Ra3 52. Kh2 Rh3+ 53. Kg1 Rg3+ 54. Kh2 Rg2+ 55. Rxg2 Nxg2 56. Kxg2 Ke4 57. Kf2 Kd3 58. Kf3 e4+ 59. Kf2 Kd2 60. Kg2 e3 61. Kf3 e2 62. Kg2 e1=Q 63. Kh3 Qg1 64. Kh4 Ke3 65. Kh5 Kf4 66. Kh4 Qh1# 0-1


[Site "https://www.chess.com"]

[Event "Titled Tuesday Blitz August 16 Late 2022"]
[White "Blanco Ronquillo, Humberto L."]
[Black "Bogaudinov, Rushan"]
[WhiteFideId "3504239"]
[BlackFideId "4129288"]
[WhiteElo "2425"]
[BlackElo "2040"]
[Result "0-1"]
[Round "01"]
[TimeControl "180+1"]
[Date "2022.08.18"]
[WhiteClock "0:00:00"]
[BlackClock "0:00:00"]

1. d4 d5 2. c4 e6 3. Nc3 Nf6 4. Nf3 Be7 5. Bf4 O-O 6. e3 a6 7. c5 Nc6 8. Bd3 Re8 9. O-O h6 10. h3 b6 11. cxb6 cxb6 12. Rc1 Bb7 13. Qe2 b5 14. Nb1 Rc8 15. Nbd2 Na5 16. Ne5 Qb6 17. b3 Nc6 18. Ndf3 Ba3 19. Rcd1 Nb4 20. Bb1 Ne4 21. Nd2 Nc3 22. Qg4 Kf8 23. Qh5 Rc7 24. Nd3 Nxd1 25. Rxd1 Nxd3 26. Bxd3 Rc1 27. Rxc1 Bxc1 28. Nf3 f6 0-1


[Site "https://www.chess.com"]

[Event "Titled Tuesday Blitz August 16 Late 2022"]
[White "Bodnar, Nikolay"]
[Black "Harvey, Marcus R"]
[WhiteFideId "14106469"]
[BlackFideId "400092"]
[WhiteElo "2283"]
[BlackElo "2485"]
[Result "0-1"]
[Round "01"]
[TimeControl "180+1"]
[Date "2022.08.16"]
[WhiteClock "0:00:22"]
[BlackClock "0:00:08"]

1. c4 e6 2. g3 f5 3. Bg2 Nf6 4. Nc3 Be7 5. d3 d6 6. Nf3 e5 7. O-O O-O 8. Rb1 a5 9. a3 Qe8 10. b4 Qh5 11. Nd5 Nxd5 12. cxd5 axb4 13. Rxb4 Na6 14. Rb1 Bf6 15. Bd2 e4 16. dxe4 fxe4 17. Ne1 Bg4 18. f3 exf3 19. exf3 Bc8 20. Be3 b6 21. Nc2 Nc5 22. Rb4 Ba6 23. f4 Be2 24. Qd2 Bxf1 25. Bxf1 Rfe8 26. Be2 Qg6 27. Bb5 Re4 28. Rb1 Qf7 29. Kg2 Qe7 30. Bf2 h5 31. h3 Qf7 32. Bc6 Rf8 33. Nd4 Bxd4 34. Bxd4 Qg6 35. Rf1 Re7 36. Bb5 Qf7 37. Bc4 Ne4 38. Qd3 Nf6 39. Bb2 Rfe8 40. Rf2 Re3 41. Qd2 Qg6 42. Bd4 Qxg3+ 43. Kf1 R3e4 44. Bxf6 Re1+ 45. Qxe1 Rxe1+ 46. Kxe1 gxf6 47. Kf1 Qxh3+ 48. Ke2 Kf7 49. a4 Qc3 50. Bb5 h4 51. Kf1 h3 52. Kg1 Qg3+ 53. Kf1 h2 0-1


[Site "https://www.chess.com"]

[Event "Titled Tuesday Blitz August 16 Late 2022"]
[White "Bongo Akanga Ndjila, Barthelemy"]
[Black "Riff, Vincent"]
[WhiteFideId "10609431"]
[BlackFideId "617776"]
[WhiteElo "1768"]
[BlackElo "2369"]
[Result "0-1"]
[Round "01"]
[TimeControl "180+1"]
[Date "2022.08.18"]
[WhiteClock "0:00:00"]
[BlackClock "0:00:00"]

1. d4 Nf6 2. c4 e6 3. Nc3 Bb4 4. f3 d5 5. a3 Be7 6. cxd5 exd5 7. e3 c5 8. Bd3 cxd4 9. exd4 Nc6 10. Nge2 O-O 11. O-O h6 12. b4 a6 13. Ra2 b5 14. Bb1 Be6 15. Ng3 Rc8 16. Nce2 a5 17. bxa5 Qxa5 18. Nf4 Nxd4 19. Qxd4 Bc5 20. Nxe6 fxe6 21. Qxc5 Rxc5 22. Bd2 Qa4 23. Bb4 Rfc8 24. Bxc5 Rxc5 25. Bg6 Qd4+ 26. Kh1 Nd7 27. Rb1 Ne5 28. Be8 Kf8 29. Bh5 Ke7 30. h3 g6 31. Bg4 h5 32. f4 Qxf4 33. Rf1 Rc1 34. Bf3 Nxf3 35. gxf3 Qxf3+ 0-1


[Site "https://www.chess.com"]

[Event "Titled Tuesday Blitz August 16 Late 2022"]
[White "Boros, Denes"]
[Black "Krzywda, Andrzej"]
[WhiteFideId "722340"]
[BlackFideId "1114565"]
[WhiteElo "2464"]
[BlackElo "2098"]
[Result "1-0"]
[Round "01"]
[TimeControl "180+1"]
[Date "2022.08.18"]
[WhiteClock "0:00:00"]
[BlackClock "0:00:00"]

1. e4 c5 2. b3 b6 3. d4 cxd4 4. Qxd4 Bb7 5. Nc3 e6 6. Bb2 Nf6 7. Qe3 Bc5 8. Qe2 Nc6 9. O-O-O Nd4 10. Qe1 Ng4 11. Nh3 Rc8 12. Kb1 Qc7 13. Bd3 Ne5 14. Na4 Nxd3 15. cxd3 Nc2 16. Kxc2 Bxf2+ 17. Qc3 Qb8 18. Nxf2 Rxc3+ 19. Nxc3 O-O 20. g3 f5 21. Rhe1 fxe4 22. Nfxe4 Bxe4 23. dxe4 Rf2+ 24. Re2 Qf8 25. Rxf2 Qxf2+ 26. Rd2 Qe3 27. Rxd7 h5 28. Rxg7+ Kh8 29. Rxa7 Qf2+ 30. Kb1 Kg8 31. Ra8+ Kf7 32. Rd8 Ke7 33. Rd3 Qxh2 34. Bc1 Qg2 35. a4 Qf1 36. Kc2 Qg2+ 37. Bd2 Qe2 38. b4 Qf1 39. Bg5+ Ke8 40. Nb5 Kf7 41. Bf4 Kg6 42. Nc3 h4 43. gxh4 Qxf4 44. Kb3 Qc7 45. Rf3 Qg7 46. Rg3+ Kh7 47. Rxg7+ Kxg7 48. a5 Kh6 49. axb6 1-0


[Site "https://www.chess.com"]

[Event "Titled Tuesday Blitz August 16 Late 2022"]
[White "Bortnyk, Olexandr"]
[Black "Martic, Ivan"]
[WhiteFideId "14120828"]
[BlackFideId "929301"]
[WhiteElo "2723"]
[BlackElo "2355"]
[Result "1-0"]
[Round "01"]
[TimeControl "180+1"]
[Date "2022.08.16"]
[WhiteClock "0:02:33"]
[BlackClock "0:01:50"]

1. d4 Nf6 2. Nc3 d5 3. Bf4 a6 4. e3 e6 5. Nf3 c5 6. a3 Nc6 7. Bd3 Bd6 8. dxc5 Bxc5 9. O-O O-O 10. Qe2 Qe7 11. e4 dxe4 12. Nxe4 Nxe4 13. Qxe4 f5 14. Qe2 Bd7 15. Bc4 Rae8 16. Rfe1 Nd4 17. Nxd4 Bxd4 18. c3 Bf6 19. Rad1 Kh8 20. Bd6 Qf7 21. Bxf8 Qxf8 22. Rxd7 1-0


[Site "https://www.chess.com"]